 Dungeon Sprint DCSS version 0.28-a0-384-g9e0c098162 (webtiles) character file.

Game seed: 14422385407889977839

4379 MikeHunt the Severer (level 10, -15/100 HPs)
             Began as a Minotaur Berserker on Sept 2, 2021.
             Was the Champion of Trog.
             Killed from afar by Sigmund (46 damage)
             ... with a bolt of fire
             ... in the Dungeon (Sprint III: "The Ten Rune Challenge").
             The game lasted 00:04:52 (1564 turns).

MikeHunt the Severer (Minotaur Berserker)           Turns: 1564, Time: 00:04:53

Health: -15/100    AC: 10    Str: 22    XL:     10   Next: 13%
Magic:  9/9        EV: 12    Int:  4    God:    Trog [******]
Gold:   839        SH:  0    Dex: 13    Spells: 9/9 levels left

rFire   . . .      SeeInvis .   n - +6 battleaxe (vorpal) {god gift}
rCold   . . .      Faith    .   (shield currently unavailable)
rNeg    . . .      Spirit   .   p - +0 chain mail
rPois   .          Reflect  .   (helmet restricted)
rElec   .          Harm     .   (no cloak)
rCorr   .          Rampage  .   (no gloves)
Will    .....      NoTele   +   (no boots)
Stlth   ..........              (no amulet)
HPRegen 0.26/turn               (no ring)
MPRegen 0.11/turn               (no ring)

@: on berserk cooldown, slowed, very slow
A: horns 2, retaliatory headbutt
a: Renounce Religion, Berserk, Trog's Hand, Brothers in Arms


You were in the Dungeon.
You worshipped Trog.
Trog was exalted by your worship.
You visited 1 branch You collected 839 gold pieces.

Inventory:

Hand Weapons
 a - a +0 hand axe
 n - a +6 vorpal battleaxe (weapon) {god gift}
 r - a +6 antimagic broad axe {god gift}
Missiles
 q - 2 silver boomerangs (quivered)
Armour
 b - a +0 animal skin
 o - a +1 robe of positive energy
 p - a +0 chain mail (worn)
Wands
 m - a wand of iceblast (4)
Scrolls
 h - a scroll of blinking
 i - 2 scrolls of torment {unknown}
 j - 3 scrolls of identify
Potions
 c - 2 potions of curing
 d - a potion of heal wounds
 e - 2 potions of haste
 f - 2 potions of magic
 g - a potion of berserk rage
 k - 6 potions of mutation
 l - 2 potions of flight


   Skills:
 - Level 12.6 Fighting
 + Level 17.3 Axes
 + Level 5.5 Throwing
 + Level 7.3 Armour
 - Level 11.8 Dodging
 - Level 7.0 Evocations


You had 9 spell levels left.
You didn't know any spells.
Your spell library was empty.

Dungeon Overview and Level Annotations

Branches:
Dungeon (1/1)

Altars:
Cheibriados
Dithmenos
Elyvilon
Fedhas
Gozag
Hepliaklqana
Kikubaaqudgha
Makhleb
Nemelex Xobeh
Okawaru
Qazlal
Ru
Sif Muna
Trog
Uskayaw
Vehumet
Wu Jian
Xom
Yredelemnul
Zin
The Shining One
Beogh
Jiyva
Lugonu

Shops:
D [

Annotations:
D Sigmund


Innate Abilities, Weirdness & Mutations

You have a pair of horns on your head.
You reflexively headbutt those who attack you in melee.


Message History

Edmund barely misses you. You furiously retaliate!
You headbutt Edmund!
You hear some strange, mumbled words.
A lance of force appears from out of thin air!
The lance of force hits you!
You are knocked back by the lance of force.
You slam into the rock wall!
You feel a strong urge to attack something.
Edmund misses you. You furiously retaliate!
You headbutt Edmund!
You kill Edmund!
Trog accepts your kill.
Your Throwing skill increases to level 5!
Your Armour skill increases to level 7!
You are no longer berserk.
You are exhausted.
You feel yourself slow down. Something hits you but does no damage.
Things that are here:
a +2 great mace of freezing; 7 curare-tipped darts; the human corpse of Edmund You miss something.
Your headbutt misses something.
You hear some strange, mumbled words.
You are confused.
You slash something! Something hits you. Space warps horribly around you!
Unknown command.
Unknown command.
Unknown command.
You're too confused to move!
Something hits you.
You feel better. Something hits you!
Aiming: Iceblast
Press: ? - help, Shift-Dir - straight line The mass of ice explodes!
The iceblast engulfs something!!
Something hits you. Space bends around you.
Unknown command.
Unknown command.
Aiming: Iceblast
Press: ? - help, Shift-Dir - straight line The mass of ice explodes!
The iceblast engulfs something!!
You hear some strange, mumbled words.
A bolt of fire appears from out of thin air!
The bolt of fire hits you!!!
You die...

##.#).#.##.###.#......#
'##)#.#.##.#.)##....^.#
#)).#..#..##..'.^..^.^#
▓▓▓▓▓▓▓▓▓▓▓▓▓▓#)......#
#.^..^^.# +......^#
#..^^...# ##+######
#.@.+ #{..# #...# #####


There were no monsters in sight!

Vanquished Creatures
  Erolcha (D)
  A deep elf pyromancer (D)
  An orc knight (D)
  An orc sorcerer (D)
  Edmund (D)
  2 redbacks (D)
  A shadow (D)
  A spatial vortex (D)
  An orc warrior (D)
  A necrophage (D)
  5 two-headed ogres (D)
  A water elemental (D)
  2 orc priests (D)
  A jelly (D)
  A wizard (D)
  A necromancer (D)
  3 orc wizards (D)
  A kobold demonologist (D)
  3 humans (D)
  A phantom (D)
  9 orcs (D)
  A ball python (D)
  4 rats (D)
44 creatures vanquished.

Notes
Turn   | Place    | Note
-------+----------+-------------------------------------------
     0 | D        | MikeHunt the Minotaur Berserker began the quest for the
                  | Orb.
     0 | D        | Reached XP level 1. HP: 19/19 MP: 0/0
     5 | D        | Reached skill level 4 in Axes
    12 | D        | Reached ** piety under Trog
   208 | D        | Reached skill level 6 in Axes
   208 | D        | Reached XP level 2. HP: 30/30 MP: 1/1
   252 | D        | Noticed a water elemental
   255 | D        | Killed a water elemental
   255 | D        | Reached *** piety under Trog
   256 | D        | Reached skill level 7 in Axes
   256 | D        | Reached XP level 3. HP: 40/40 MP: 2/2
   256 | D        | Reached XP level 4. HP: 48/48 MP: 3/3
   368 | D        | Noticed a shadow
   375 | D        | Killed a shadow
   376 | D        | Reached skill level 10 in Fighting
   376 | D        | Reached skill level 9 in Axes
   376 | D        | Reached skill level 5 in Dodging
   376 | D        | Reached XP level 5. HP: 58/58 MP: 4/4
   377 | D        | Reached skill level 10 in Axes
   377 | D        | Reached XP level 6. HP: 66/66 MP: 5/5
   428 | D        | Found a basalt altar of Yredelemnul.
   428 | D        | Found a shadowy altar of Dithmenos.
   428 | D        | Found a sacrificial altar of Ru.
   430 | D        | Reached **** piety under Trog
   542 | D        | Found a hide-covered altar of Uskayaw.
   542 | D        | Found an iron altar of Okawaru.
   542 | D        | Found a bloodstained altar of Trog.
   542 | D        | Found an ornate altar of the Wu Jian Council.
   542 | D        | Noticed a human
   543 | D        | Noticed a human
   548 | D        | Killed a human
   549 | D        | Reached skill level 11 in Axes
   549 | D        | Reached XP level 7. HP: 74/74 MP: 6/6
   551 | D        | Killed a human
   636 | D        | Found a glowing silver altar of Zin.
   636 | D        | Found a glowing golden altar of the Shining One.
   636 | D        | Found a white marble altar of Elyvilon.
   636 | D        | Noticed a deep elf pyromancer
   644 | D        | Killed a deep elf pyromancer
   644 | D        | Reached ***** piety under Trog
   644 | D        | Received a gift from Trog
   645 | D        | Reached skill level 12 in Axes
   645 | D        | Reached skill level 5 in Evocations
   645 | D        | Reached XP level 8. HP: 77/85 MP: 7/7
   768 | D        | Found a radiant altar of Vehumet.
   769 | D        | Found a shimmering blue altar of Sif Muna.
   769 | D        | Found an ancient bone altar of Kikubaaqudgha.
   819 | D        | Found a blossoming altar of Fedhas.
   819 | D        | Found a stormy altar of Qazlal.
   820 | D        | Found a snail-covered altar of Cheibriados.
   820 | D        | Found a burning altar of Makhleb.
   820 | D        | Found a hazy altar of Hepliaklqana.
   820 | D        | Found a shimmering altar of Xom.
   820 | D        | Found an opulent altar of Gozag.
   820 | D        | Found a sparkling altar of Nemelex Xobeh.
   820 | D        | Found a corrupted altar of Lugonu.
   820 | D        | Found a viscous altar of Jiyva.
   829 | D        | Reached skill level 10 in Dodging
   884 | D        | Reached skill level 13 in Axes
   925 | D        | Noticed a two-headed ogre
   939 | D        | Killed a two-headed ogre
   939 | D        | Received a gift from Trog
  1107 | D        | Noticed an orc sorcerer
  1107 | D        | Noticed an orc knight
  1137 | D        | Killed an orc sorcerer
  1138 | D        | Reached skill level 14 in Axes
  1138 | D        | Reached XP level 9. HP: 82/92 MP: 8/8
  1152 | D        | Killed an orc knight
  1153 | D        | Reached skill level 15 in Axes
  1155 | D        | Received a gift from Trog
  1156 | D        | Reached skill level 16 in Axes
  1318 | D        | Reached ****** piety under Trog
  1368 | D        | Found Pigraron's Armour Shop.
  1468 | D        | Noticed a two-headed ogre
  1468 | D        | Noticed Erolcha
  1471 | D        | Killed a two-headed ogre
  1472 | D        | Received a gift from Trog
  1479 | D        | Killed Erolcha
  1480 | D        | Reached skill level 17 in Axes
  1480 | D        | Reached XP level 10. HP: 100/100 MP: 9/9
  1543 | D        | Noticed Sigmund
  1543 | D        | Noticed Edmund
  1557 | D        | Killed Edmund
  1558 | D        | Reached skill level 5 in Throwing
  1564 | D        | Killed from afar by Sigmund

Illustrated notes

Levels and vault maps discovered:
D:        dungeon_sprint_mu [sprint_mu_entry_forest, sprint_mu_temple_rooms,
          sprint_mu_d1_spiders, sprint_mu_d2_genie, sprint_mu_d3_branching,
          sprint_mu_orc_legion, sprint_mu_elf_gauntlet, sprint_mu_hive_nellie,
          sprint_mu_lair_fedhas, sprint_mu_vaults_butterflies,
          sprint_mu_slime_circle, sprint_mu_shoals_kraken,
          sprint_mu_snake_twists, sprint_mu_blade_basic,
          sprint_mu_crypt_chambers, sprint_mu_tomb_spiral,
          sprint_mu_vestibule_basic, sprint_mu_gehenna_hellfire,
          sprint_mu_dis_giant, sprint_mu_tartarus_statrot,
          sprint_mu_cocytus_islands, sprint_mu_zot1]

Skill      XL: |  1  2  3  4  5  6  7  8  9 10 |
---------------+-------------------------------+-----
Fighting       | 6 7 10 11 12 | 12.6
Axes           | 6 7 9 10 11 12 14 17 | 17.3
Dodging        | 5 6 8 9 11 | 11.8
Evocations     | 2 5 7 |  7.0
Throwing       | 4 5 |  5.5
Armour         | 6 7 |  7.3

Action                   |  1- 3 |  4- 6 |  7- 9 | 10-12 || total
-------------------------+-------+-------+-------+-------++-------
Melee: Hand axe          |    14 |    14 |     7 |       ||    35
       Headbutt          |     2 |     2 |     8 |       ||    12
       Battleaxe         |       |       |    50 |    10 ||    60
Invok: Berserk           |     3 |     3 |     7 |     1 ||    14
Evoke: Wand              |       |       |       |     2 ||     2
  Use: Potion            |       |       |       |     1 ||     1
Armor: Robe              |       |       |     1 |       ||     1
       Chain mail        |       |       |       |     3 ||     3
Dodge: Dodged            |     6 |     6 |    26 |     6 ||    44

Table legend: (Time is in decaauts)
 A = Elapsed time spent in this place.
 B = Non-inter-level travel time spent in this place.
 C = Inter-level travel time spent in this place.
 D = Time resting spent in this place.
 E = Time spent auto-exploring this place.
 F = Levels seen in this place.
 G = Mean time per level.
                   A        B        C        D        E       F      G
               +--------+--------+--------+--------+--------+-----+--------+
         Total |   1676 |   1663 |     13 |   1127 |     33 |   1 | 1676.0 |
       Dungeon |   1676 |   1663 |     13 |   1127 |     33 |   1 | 1676.0 |
               +--------+--------+--------+--------+--------+-----+--------+

Top non-repeatable levels by time:
       D: 1676 daAuts
